 Dungeon Crawl Stone Soup version 0.15.0-23-gc2b521c (webtiles) character file.

87034 Ratboiler the Bludgeoner (level 15, -22/99 HPs)
             Began as a Gargoyle Berserker on Sept 8, 2014.
             Was an Elder of Trog.
             Killed from afar by a lich (60 damage)
             ... with a crystal spear
             ... on Level 2 of the Depths.
             The game lasted 01:39:51 (24281 turns).

Ratboiler the Bludgeoner (Gargoyle Berserker)      Turns: 24281, Time: 01:39:51

HP -22/99        AC 33     Str 20      XL: 15   Next: 89%
MP  28/28        EV 17     Int 10      God: Trog [****..]
Gold 1468        SH  0     Dex 19      Spells:  0 memorised, 14 levels left

rFire  + . .     SeeInvis +     a - +9 great mace (crush)
rCold  . . .     Clarity  .     U - +3 fire dragon armour
rNeg   + . .     rCorr    .     (no shield)
rPois  +         rRot     +     K - +2 helmet {SInv}
rElec  +         Spirit   .     B - +0 cloak
SustAb .         Warding  .     C - +0 pair of gloves
rMut   .         Stasis   .     z - +2 pair of boots {run}
Gourm  .                        (no amulet)
MR     +++..                    L - ring of Zeybbottou {Ice +Fly}
                                q - +1 ring of protection

@: agile, exhausted, corroded equipment, regenerating, slowed, very slow,
extremely resistant to hostile enchantments, fairly stealthy
A: able to fly continuously, big wings, see invisible, negative energy
resistance 1, electricity resistance, unbreathing, petrification resistance, rot
immunity, AC +11
a: Fly, Burn Spellbooks, Berserk, Trog's Hand, Brothers in Arms, Renounce
Religion, Evoke Flight


You were on level 2 of the Depths.
You worshipped Trog.
Trog was greatly pleased with you.
You were not hungry.

You visited 2 branches of the dungeon, and saw 17 of its levels.
You visited the Abyss 1 time.
You also visited: Labyrinth, Sewer and Bailey.

You collected 2277 gold pieces.
You spent 809 gold pieces at shops.

Inventory:

Hand weapons
 a - a +9 great mace of crushing (weapon)
 R - a +5 lajatang of speed
Missiles
 V - 10 tomahawks of returning (quivered)
Armour
 z - a +2 pair of boots of running (worn)
 B - a +0 cloak (worn)
 C - a +0 pair of gloves (worn)
 K - a +2 helmet of see invisible (worn)
 U - a +3 fire dragon armour (worn)
Magical devices
 f - a wand of disintegration (6)
 i - a wand of draining (5)
 w - a wand of lightning (5)
 M - a wand of flame (10)
 Q - a wand of disintegration (15)
 Y - a wand of digging (1)
Comestibles
 c - 8 bread rations
 j - a beef jerky
 o - 3 chunks of catoblepas flesh
Scrolls
 e - 3 scrolls of fear
 k - a scroll of torment {unknown}
 l - a scroll of silence
 m - 2 scrolls of enchant weapon
 s - 5 scrolls of recharging
 v - 4 scrolls of teleportation
 x - 4 scrolls of blinking
 H - 6 scrolls of remove curse
 N - a scroll of immolation
 O - a scroll of vulnerability
 T - a scroll of brand weapon
 Z - a scroll of holy word
Jewellery
 n - an uncursed ring of teleportation
 q - a +1 ring of protection (left hand)
 F - an uncursed ring of flight
 I - an uncursed ring of fire
 L - the ring of Zeybbottou (right hand) {Ice +Fly}
   (You found it on level 10 of the Dungeon)

   [ring of ice]

   It enhances your ice magic, and weakens your fire magic.
   It makes you vulnerable to fire.
   It protects you from cold.
   It lets you fly.
Potions
 b - a potion of flight
 d - 8 potions of curing
 p - a potion of porridge
 t - a potion of restore abilities
 u - a potion of brilliance
 A - a potion of haste
 E - a potion of berserk rage
 G - a potion of heal wounds
 J - a potion of invisibility
 S - a potion of cancellation
 W - a potion of might
Miscellaneous
 h - a sack of spiders
 r - a box of beasts
 P - a legendary deck of changes {drawn: 1}
Rods
 y - a +0 rod of inaccuracy (10/10)
   (You found it in a labyrinth)
 D - a +0 rod of shadows (10/10)
   (You found it in a labyrinth)


   Skills:
 + Level 13.5 Fighting
 * Level 16.7 Maces & Flails
 + Level 13.2 Armour
 - Level 6.8 Dodging
 - Level 6.8 Stealth
 + Level 9.8 Evocations


You had 14 spell levels left.
You didn't know any spells.

Dungeon Overview and Level Annotations

Branches:
Dungeon (15/15)            Temple (0/1) D:5             Orc (0/4) D:11
   Lair (0/8) D:9          Vaults (0/5) D:14         Depths (2/5) D:15

Altars:
Cheibriados
Dithmenos
Elyvilon
Fedhas
Makhleb
Sif Muna
Xom
Yredelemnul
Zin
Lugonu

Shops:
D:9 }   D:13 *!

Portals:
Hell: Depths:1
Pandemonium: Depths:1

Annotations:
D:5 exclusions: downstairs and 1 more exclusion
D:9 1 exclusion
D:11 1 exclusion
D:14 exclusion: downstairs


Innate Abilities, Weirdness & Mutations

You are resistant to torment.
You are immune to poison.
You can fly continuously.
Your stone body is very resilient (AC +11).
Your wings are large and strong.
You resist negative energy.
You are resistant to electric shocks.
You can survive without breathing.
You are immune to petrification.
You are immune to rotting.
You have supernaturally acute eyesight.


Message History

You feel agile all of a sudden.
The lich touches you but does no damage.
The fire giant hits you but does no damage.
The lich touches you but does no damage.
Drink which item? (? for menu, Esc to quit)
You feel much better.
The lich touches you but does no damage.
The fire giant hits you with a great sword of flaming!
The fire giant burns you.
Use which ability? (? or * to list) You're too exhausted to go berserk.
Use which ability? (? or * to list)
Your skin crawls.
You feel resistant to hostile enchantments.
You feel slightly more hungry. The lich touches you!
The fire giant hits you but does no damage.
The lich points at you and mumbles some strange words.
The crystal spear hits you!
Ouch! That really hurt!
You die...

##..#.#.....##....##
>..##.##.#...'.....###
.###...###...#.<...'.# ##
#.#..>#..##.##.##'#
####...###'###.##'##.#####
<..#####...(+......[.....#
..## #.######.##.##.#####
..#####.######.##.##.####
.......)......L.@........
..##.##...####C##.##+####
..##+##...# #..#'# ###
#########)####
##.#.#.#.#.#.#
##.#.#.#L#.#.##
##.#.#.#.#.#.#.#
##.#.#.#C#.#.#.##
##(#.#.#.#.#.#.#.#


You could see a fire giant and a lich (invisible).

Vanquished Creatures
  A tentacled starspawn (Abyss:1)
  2 fire giants
  A frost giant (Depths:1)
  3 stone giants (Depths:1)
  7 very ugly things (Depths:1)
  The ghost of letownia the Geomancer, a powerful FoEE of Cheibriados (D:13)
  A vampire knight (Depths:2)
  Snorg (D:14)
  A minotaur (Lab)
  A blizzard demon (Abyss:1)
  A fire dragon (Depths:1)
  3 great orbs of eyes (Depths:1)
  Harold (D:10)
  2 ogre magi (Depths:1)
  2 hydras (D:13)
  4 centaur warriors
  3 vampire magi
  2 tengu warriors
  A spriggan berserker (Depths:2)
  Erolcha (D:13)
  A catoblepas (Depths:2)
  A titan skeleton (Abyss:1)
  A skeletal warrior (D:15)
  A shadow wraith (Abyss:1)
  2 unseen horrors
  2 deep elf summoners (Depths:1)
  A deep troll (D:14)
  Pikel (D:7)
  5 hill giants
  A lindwurm (shapeshifter) (Depths:2)
  A wizard (Depths:1)
  An orc knight (D:7)
  A griffon (D:15)
  A cyclops (D:15)
  A deep elf conjurer (Depths:1)
  26 ugly things
  A harpy (shapeshifter) (D:14)
  A necromancer (D:15)
  A worldbinder (Abyss:1)
  2 manticores
  Maurice (D:9)
  3 yaktaurs
  2 gargoyles
  A torpor snail (shapeshifter) (Depths:2)
  A smoke demon (Abyss:1)
  An emperor scorpion zombie (D:15)
  An efreet (D:14)
  A troll (D:14)
  3 kobold demonologists
  A komodo dragon (shapeshifter) (Depths:2)
  4 wandering mushrooms (D:12)
  A jumping spider (Depths:1)
  A freezing wraith (D:14)
  A hydra skeleton (D:15)
  12 slime creatures
  5 ravens
  6 two-headed ogres
  A wraith (D:11)
  3 trapdoor spiders
  A tarantella (Depths:1)
  A water elemental (Depths:1)
  2 wyverns
  5 deep elf magi
  A shadow (D:15)
  3 vampires
  An ettin skeleton (D:15)
  14 yaks
  A wolf (D:9)
  3 hippogriffs
  17 vampire mosquitoes
  3 hungry ghosts
  An elf skeleton (D:15)
  A water moccasin (D:6)
  A human zombie (D:15)
  13 orc warriors
  6 ice beasts
  3 small abominations (Abyss:1)
  A black bear (D:6)
  2 yellow wasps
  A slave (D:7)
  4 phantoms
  3 boggarts (Depths:2)
  10 ogres
  5 sky beasts
  A tengu (shapeshifter) (Depths:2)
  17 centaurs
  2 big kobolds (D:15)
  A brain worm (D:14)
  16 giant frogs
  4 scorpions
  A cyclops skeleton (D:13)
  2 oklob saplings (D:12)
  An elf simulacrum (D:15)
  10 killer bees
  13 wights
  A giant frog zombie (D:11)
  5 crimson imps
  An elf zombie (D:8)
  12 hounds
  7 orc priests
  A two-headed ogre skeleton (D:13)
  A giant frog skeleton (D:12)
  21 jellies
  3 iguanas
  15 orc wizards
  8 worker ants
  A brain worm zombie (D:15)
  A mottled dragon zombie (D:13)
  A crocodile skeleton (D:6)
  A mottled dragon skeleton (D:15)
  18 adders
  8 gnolls
  2 green rats (D:6)
  16 giant mites
  4 worms
  2 adder zombies
  23 giant geckos
  58 orcs
  11 bats
  A bat skeleton (D:4)
  12 giant cockroaches
  13 goblins
  20 hobgoblins
  25 jackals
  13 oozes
  5 quokkas
  9 ball pythons
  A giant gecko skeleton (D:6)
  17 giant newts
  A gnoll skeleton (D:5)
  A hobgoblin skeleton (D:7)
  A jackal skeleton (D:6)
  31 kobolds
  A kobold skeleton (D:4)
  2 orc skeletons
  An orc zombie (D:9)
  2 quokka skeletons
  12 rats
  9 ballistomycetes (D:12)
  A butterfly (D:4)
710 creatures vanquished.

Vanquished Creatures (collateral kills)
  The ghost of angrylion the Deadly Accurate, a mighty MiFi of Okawaru (Depths:1)
  A minotaur (Depths:1)
  Urug (D:10)
  A skeletal warrior (D:15)
  A flayed ghost (D:15)
  2 hill giants
  2 cyclopes
  An ugly thing (D:15)
  A stone giant zombie (D:15)
  A gargoyle (D:13)
  A troll (D:9)
  A hippogriff (D:15)
  A hill giant zombie (D:15)
  A wolf (D:9)
  A mottled dragon (D:9)
  A small abomination (Abyss:1)
  A worker ant (D:11)
  An orc (D:7)
  A hobgoblin (D:9)
21 creatures vanquished.

Vanquished Creatures (others)
  3 two-headed ogres
  2 slaves (D:7)
  4 ogres
  A mummy (D:7)
  A shadow imp (D:10)
  A quokka (D:7)
  A giant spore (D:12)
  A bush (D:15)
  19 plants (Depths:1)
  3 starspawn tentacles (Abyss:1)
  46 starspawn tentacle segments (Abyss:1)
82 creatures vanquished.

Grand Total: 813 creatures vanquished

Notes
Turn   | Place    | Note
--------------------------------------------------------------
     0 | D:1      | Ratboiler, the Gargoyle Berserker, began the quest for the Orb.
     0 | D:1      | Reached XP level 1. HP: 14/14 MP: 1/1
   241 | D:1      | Reached XP level 2. HP: 14/19 MP: 2/2
   698 | D:1      | Acquired Trog's second power
   870 | D:2      | Reached XP level 3. HP: 24/24 MP: 3/3
   904 | D:2      | Reached skill level 4 in Fighting
  1281 | D:2      | Found a deep blue altar of Sif Muna.
  1344 | D:2      | Reached XP level 4. HP: 24/29 MP: 4/4
  1386 | D:2      | Found a snail-covered altar of Cheibriados.
  1906 | D:2      | Reached XP level 5. HP: 34/34 MP: 5/5
  2512 | D:3      | Acquired Trog's third power
  3136 | D:4      | Noticed an ogre
  3154 | D:4      | Killed an ogre
  3154 | D:4      | Reached skill level 5 in Maces & Flails
  3154 | D:4      | Reached XP level 6. HP: 40/40 MP: 6/6
  3620 | D:4      | Found a shimmering altar of Xom.
  3671 | D:4      | Noticed a phantom
  3700 | D:4      | Noticed a phantom
  3721 | D:4      | Killed a phantom
  3721 | D:4      | Reached skill level 5 in Fighting
  3747 | D:4      | Killed a phantom
  3747 | D:4      | Reached XP level 7. HP: 19/44 MP: 7/7
  3942 | D:4      | Found a glowing silver altar of Zin.
  3945 | D:4      | Found a burning altar of Makhleb.
  3948 | D:4      | Noticed a green death
  3948 | D:4      | Noticed an angel
  3994 | D:4      | Reached skill level 6 in Maces & Flails
  4443 | D:5      | Entered Level 5 of the Dungeon
  5182 | D:5      | Reached skill level 5 in Armour
  5224 | D:5      | Found a staircase to the Ecumenical Temple.
  5343 | D:5      | Found a shadowy altar of Dithmenos.
  5409 | D:5      | Received a gift from Trog
  5692 | D:6      | Found a glowing drain.
  5717 | Sewer    | Entered a sewer
  5807 | Sewer    | Reached XP level 8. HP: 51/51 MP: 8/8
  6162 | Sewer    | Reached skill level 7 in Maces & Flails
  6616 | D:6      | Reached skill level 8 in Maces & Flails
  6924 | D:6      | Reached XP level 9. HP: 33/56 MP: 9/9
  7597 | D:7      | Reached skill level 9 in Maces & Flails
  7913 | D:7      | Found a white marble altar of Elyvilon.
  7941 | D:7      | Found a basalt altar of Yredelemnul.
  7951 | D:7      | Received a gift from Trog
  7965 | D:7      | Found a shimmering altar of Xom.
  8490 | D:7      | Reached skill level 10 in Maces & Flails
  8672 | D:8      | Reached XP level 10. HP: 49/65 MP: 10/10
  8873 | D:7      | Noticed Pikel
  8883 | D:7      | Killed Pikel
  8925 | D:7      | Noticed a gargoyle
  8942 | D:7      | Killed a gargoyle
  9014 | D:7      | Noticed an orc knight
  9022 | D:7      | Noticed a yaktaur
  9057 | D:7      | Killed a yaktaur
  9057 | D:7      | Reached skill level 11 in Maces & Flails
  9120 | D:7      | Killed an orc knight
  9229 | D:7      | Killed an unseen horror
  9270 | D:7      | Noticed a cyclops
  9280 | D:7      | Killed a cyclops
  9789 | D:9      | Reached XP level 11. HP: 70/72 MP: 11/11
  9862 | D:9      | Found a staircase to the Lair.
  9986 | D:9      | Reached skill level 12 in Maces & Flails
 10085 | D:9      | Reached skill level 10 in Fighting
 10086 | D:9      | Gained mutation: You occasionally shout uncontrollably at your foes. [potion of mutation]
 10086 | D:9      | Gained mutation: You are partially covered in rugged brown scales (AC +1, +3% HP). [potion of mutation]
 10144 | D:9      | Noticed Maurice
 10174 | D:9      | Killed Maurice
 10374 | D:9      | Found Geskoh's Gadget Shop.
 10390 | D:9      | Received a gift from Trog
 10391 | D:9      | Got a warped executioner's axe {god gift}
 10392 | D:9      | Identified the +2 executioner's axe of Popular Demand {freeze, rF+ Str+4} (Trog gifted it to you on level 9 of the Dungeon)
 10650 | D:10     | Entered Level 10 of the Dungeon
 10757 | D:10     | Reached skill level 1 in Evocations
 10960 | D:10     | Noticed Urug
 10982 | D:10     | Killed Urug
 11031 | D:10     | Got a glittering marble ring
 11032 | D:10     | Identified the ring of Zeybbottou {Ice +Fly} (You found it on level 10 of the Dungeon)
 11080 | D:10     | Noticed Harold
 11093 | D:10     | Killed Harold
 11758 | D:10     | Noticed a hill giant
 11760 | D:10     | Killed a hill giant
 12013 | D:11     | Noticed a hill giant
 12114 | D:11     | Noticed a hill giant
 12118 | D:11     | Killed a hill giant
 12118 | D:11     | Reached skill level 10 in Armour
 12167 | D:11     | Found a labyrinth entrance.
 12182 | Lab      | Entered a labyrinth
 12399 | Lab      | Got a twisted scale mail
 12485 | Lab      | Identified the +3 scale mail of Mirth {rF+} (You found it in a labyrinth)
 12539 | Lab      | Noticed a minotaur
 12551 | Lab      | Killed a minotaur
 12551 | Lab      | Reached skill level 13 in Maces & Flails
 12613 | D:11     | Found a staircase to the Orcish Mines.
 12650 | D:11     | Reached XP level 12. HP: 76/81 MP: 18/18
 12849 | D:11     | Killed a hill giant
 14072 | D:12     | Identified a scroll of acquirement
 14130 | D:12     | Found a blossoming altar of Fedhas.
 14234 | D:12     | Reached skill level 5 in Evocations
 14714 | D:12     | Reached skill level 14 in Maces & Flails
 14717 | D:12     | Received a gift from Trog
 15099 | D:13     | Found Yssodaol's Blood Bar.
 15125 | D:13     | Noticed a tengu warrior
 15125 | D:13     | Found a flagged portal.
 15143 | D:13     | Killed a tengu warrior
 15250 | Bailey   | Entered a bailey
 15407 | Bailey   | Found a bloodstained altar of Trog.
 15432 | Bailey   | Identified a +2 pair of boots of running (You found it in a bailey)
 15538 | D:13     | Found Weol's Distillery.
 15547 | D:13     | Bought a potion of brilliance for 37 gold pieces
 15547 | D:13     | Bought a potion of cancellation for 82 gold pieces
 15547 | D:13     | Bought a potion of restore abilities for 45 gold pieces
 15547 | D:13     | Bought a potion of beneficial mutation for 525 gold pieces
 15547 | D:13     | Bought a potion of curing for 30 gold pieces
 15547 | D:13     | Bought a potion of curing for 30 gold pieces
 15547 | D:13     | Bought a potion of curing for 30 gold pieces
 15547 | D:13     | Bought a potion of curing for 30 gold pieces
 15548 | D:13     | Lost mutation: You occasionally shout uncontrollably at your foes. [potion of cure mutation]
 15548 | D:13     | Lost mutation: You are partially covered in rugged brown scales (AC +1, +3% HP). [potion of cure mutation]
 15552 | D:13     | Gained mutation: You have supernaturally acute eyesight. [potion of beneficial mutation]
 15565 | D:13     | Noticed a four-headed hydra
 15573 | D:13     | Noticed a centaur warrior
 15576 | D:13     | Killed a four-headed hydra
 15582 | D:13     | Killed a centaur warrior
 15582 | D:13     | Reached XP level 13. HP: 85/85 MP: 22/22
 15711 | D:13     | Noticed letownia's ghost (powerful FoEE)
 15778 | D:13     | Killed letownia's ghost
 15814 | D:13     | Noticed Erolcha
 15822 | D:13     | Killed Erolcha
 15900 | D:13     | Identified a +0 rod of inaccuracy (10/10) (You found it in a labyrinth)
 15901 | D:13     | Identified a +0 rod of shadows (10/10) (You found it in a labyrinth)
 16476 | D:14     | Noticed Snorg
 16489 | D:14     | Killed Snorg
 16791 | D:14     | Reached skill level 15 in Maces & Flails
 17043 | D:14     | Found a gate to the Vaults.
 17375 | D:14     | Received a gift from Trog
 18195 | D:15     | Entered Level 15 of the Dungeon
 18275 | D:15     | Gained mutation: Your wings are large and strong. [gargoyle growth]
 18275 | D:15     | Reached XP level 14. HP: 92/92 MP: 25/25
 19443 | D:15     | Found a staircase to the Depths.
 19456 | D:15     | Reached skill level 16 in Maces & Flails
 19627 | D:15     | Reached skill level 1 in Stealth
 19943 | Depths:1 | Entered Level 1 of the Depths
 19943 | Depths:1 | Found a corrupted altar of Lugonu.
 19943 | Depths:1 | Noticed a brown very ugly thing
 19945 | Depths:1 | Noticed a brown very ugly thing
 19948 | Depths:1 | Noticed a fire giant
 19972 | Depths:1 | Killed a fire giant
 19995 | Depths:1 | Killed a brown very ugly thing
 20113 | Depths:1 | Noticed a frost giant
 20131 | Depths:1 | Killed a frost giant
 20160 | Depths:1 | Noticed a stone giant
 20174 | Depths:1 | Killed a stone giant
 20217 | Depths:1 | Cast into the Abyss (wizard)
 20319 | Abyss:1  | Noticed a tentacled starspawn
 20332 | Abyss:1  | Killed a tentacled starspawn
 20341 | Abyss:1  | Found a corrupted altar of Lugonu.
 20349 | Abyss:1  | Noticed a balrug
 20475 | Abyss:1  | Reached skill level 5 in Stealth
 20817 | Abyss:1  | Noticed a bone dragon
 20950 | Depths:1 | Escaped the Abyss
 21430 | Depths:1 | Found a one-way gate leading to the halls of Pandemonium.
 21436 | Depths:1 | Got a fine scale mail
 21458 | Depths:1 | Identified the +4 scale mail of Midsummer {Str+2 Int-3} (You found it on level 1 of the Depths)
 21613 | Depths:1 | Paralysed by a great orb of eyes for 7 turns
 21625 | Depths:1 | Reached skill level 5 in Dodging
 21628 | Depths:1 | Reached XP level 15. HP: 19/98 MP: 27/27
 21923 | Depths:1 | Noticed angrylion's ghost (mighty MiFi)
 22073 | Depths:1 | Noticed a green very ugly thing
 22093 | Depths:1 | Killed a green very ugly thing
 22117 | Depths:1 | Noticed a stone giant
 22134 | Depths:1 | Killed a stone giant
 22153 | Depths:1 | Killed angrylion's ghost
 22706 | Depths:1 | Noticed a cyan very ugly thing
 22708 | Depths:1 | Noticed a cyan very ugly thing
 22742 | Depths:1 | Killed a cyan very ugly thing
 22754 | Depths:1 | Killed a cyan very ugly thing
 22914 | Depths:1 | Noticed a stone giant
 22927 | Depths:1 | Killed a stone giant
 23293 | Depths:1 | Noticed a brown very ugly thing
 23311 | Depths:1 | Noticed a brown very ugly thing
 23322 | Depths:1 | Killed a red very ugly thing
 23329 | Depths:1 | Killed a red very ugly thing
 23339 | Depths:1 | Killed a brown very ugly thing
 23649 | Depths:1 | Found a gateway to Hell.
 24242 | Depths:2 | Noticed a fire giant
 24251 | Depths:2 | Killed a fire giant
 24258 | Depths:2 | Noticed a lich
 24262 | Depths:2 | Noticed a fire giant
 24281 | Depths:2 | Killed from afar by a lich

Action                   |  1- 3 |  4- 6 |  7- 9 | 10-12 | 13-15 || total
-------------------------+-------+-------+-------+-------+-------++-------
Melee: Mace              |   110 |   292 |   116 |       |       ||   518
       Flail             |       |       |   616 |       |       ||   616
       Lajatang          |       |       |    56 |   616 |       ||   672
       Great mace        |       |       |       |   103 |   781 ||   884
 Fire: Blowgun           |       |     4 |       |     6 |       ||    10
Throw: Tomahawk          |       |       |       |    13 |       ||    13
Invok: Berserk           |     2 |     2 |     7 |     9 |    18 ||    38
       Trog's Hand       |       |       |     1 |     4 |    10 ||    15
       Brothers in Arms  |       |       |       |     8 |     9 ||    17
Evoke: Wand              |       |       |     3 |     8 |    17 ||    28
       Deck              |       |       |       |       |     1 ||     1
  Use: Scroll            |     7 |     4 |     8 |     7 |    22 ||    48
       Potion            |       |       |       |     6 |    10 ||    16
 Stab: Distracted        |       |       |     1 |       |     1 ||     2
  Eat: Chunk             |     2 |    12 |    22 |    11 |     8 ||    55
       Pizza             |       |       |     1 |       |     2 ||     3
       Fruit             |       |       |       |     9 |    17 ||    26
       Beef jerky        |       |       |       |     3 |     1 ||     4
       Meat ration       |       |       |       |     2 |     2 ||     4
       Royal jelly       |       |       |       |     1 |       ||     1
       Bread ration      |       |       |       |       |     3 ||     3
